 Dungeon Crawl Stone Soup version 0.30-a0-451-ge042605de7 (webtiles) character file.

Game seed: 2627791217902638933

1407 cforsyth the Trooper (level 8, -1/73 HPs)
             Began as a Minotaur Berserker on Dec 11, 2022.
             Was an Elder of Trog.
             Slain by an orc
             ... wielding a +0 trident
              (5 damage)
             ... on level 6 of the Dungeon.
             The game lasted 00:06:32 (3679 turns).

cforsyth the Trooper (Minotaur Berserker)           Turns: 3679, Time: 00:06:32

Health: -1/73      AC: 12    Str: 24    XL:     8   Next: 42%
Magic:  7/7        EV: 10    Int:  4    God:    Trog [****..]
Gold:   208        SH:  0    Dex: 10    Spells: 7/7 levels left

rFire   + + .      SeeInvis .    r - +5 mace of Jaxeevve {freeze, rF+}
rCold   . . .      Faith    .    (no shield)
rNeg    . . .      Spirit   .    s - +0 chain mail
rPois   .          Reflect  .    n - +1 hat
rElec   .          Harm     .    (no cloak)
rCorr   .          Rampage  .    (no gloves)
Will    .....                    o - +0 pair of boots
Stlth   ..........               (no amulet)
HPRegen 0.32/turn                q - ring of protection from fire
MPRegen 0.10/turn                (no ring)

@: mesmerised
A: horns 2, retaliatory headbutt
a: Renounce Religion, Berserk, Trog's Hand, Brothers in Arms


You were on level 6 of the Dungeon.
You worshipped Trog.
Trog was greatly pleased with you.
You visited 1 branch of the dungeon, and saw 6 of its levels.

You collected 208 gold pieces.

Inventory:

Hand Weapons
 r - the +5 mace of Jaxeevve (weapon) {freeze, rF+}
   (You found it on level 4 of the Dungeon)

   It freezes those it strikes, dealing additional cold damage.
   It can also slow down cold-blooded creatures.
   rF:        It protects you from fire.
Armour
 n - a +1 hat (worn)
 o - a +0 pair of boots (worn)
 s - a +0 chain mail (worn)
Jewellery
 k - an amulet of regeneration
 q - a ring of protection from fire (left hand)
Wands
 b - a wand of flame (19)
Scrolls
 c - 8 scrolls of identify {unknown}
 f - a scroll of fog {unknown}
 g - 5 scrolls of teleportation {unknown}
 h - 2 scrolls of silence {unknown}
 i - a scroll of enchant armour {unknown}
 j - 3 scrolls of vulnerability {unknown}
Potions
 a - 2 potions of curing {unknown}
 d - a potion of brilliance {unknown}
 e - 2 potions of invisibility {unknown}
 l - 2 potions of heal wounds {unknown}
 m - a potion of attraction {unknown}
 p - a potion of degeneration {unknown}


   Skills:
 + Level 7.2 Fighting
 + Level 7.2 Axes
 + Level 6.6 Armour
 + Level 6.0 Dodging


You had 7 spell levels left.
You didn't know any spells.
Your spell library was empty.

Dungeon Overview and Level Annotations

Branches:
Dungeon (6/15)             Temple (0/1) D:5

Altars:
Hepliaklqana
Trog
Uskayaw
Xom
Yredelemnul

Shops:
D:3 :

Annotations:
D:6 Maggie


Innate Abilities, Weirdness & Mutations

You have a pair of horns on your head.
You reflexively headbutt those who attack you in melee.


Message History

The hound bites you but does no damage. The hound barely misses you.
Maggie hits you with a +2 war axe of pain.
The orc hits you but does no damage. The iguana barely misses you.
You furiously retaliate!
You headbutt the iguana!
You kill the iguana!
Trog accepts your kill. The orc hits you but does no damage.
Unknown command.
You hit Maggie. You freeze Maggie.
Maggie is severely wounded.
The hound bites you but does no damage. Maggie completely misses you.
The orc barely misses you. You furiously retaliate!
You headbutt the orc!
You kill the orc!
Trog accepts your kill. The orc barely misses you.
The hound bites you but does no damage.
Unknown command.
You hit Maggie. You freeze Maggie.
Maggie is severely wounded.
The hound bites you but does no damage. Maggie gestures at you while chanting.
The bolt of fire hits you! You resist.
* * * LOW HITPOINT WARNING * * *
The orc hits you but does no damage.
Unknown command.
You hit Maggie. You freeze Maggie.
Maggie is almost dead.
The hound bites you.
* * * LOW HITPOINT WARNING * * *
Maggie barely misses you.
The orc hits you from afar with a +0 trident.
* * * LOW HITPOINT WARNING * * *
The hound bites you but does no damage.
Unknown command.
You hit Maggie. You freeze Maggie.
Maggie is almost dead.
The hound bites you but does no damage.
Maggie hits you with a +2 war axe of pain.
* * * LOW HITPOINT WARNING * * *
The orc hits you from afar with a +0 trident.
You die...

#######
##<...>##..
##...h......
#..)@)......
#..$†@......
#.$.o.......
#...........
#..(...$....
#...........
##..........
##.....##..


You could see Maggie (mesmerising), a hound and an orc.

Vanquished Creatures
  A hornet (D:5)
  A water moccasin (D:5)
  An ogre (D:4)
  A centaur (D:5)
  A gnoll sergeant (D:5)
  2 scorpions
  A howler monkey (D:4)
  4 hounds
  4 jellies
  2 iguanas
  2 orc wizards
  10 adders
  14 gnolls
  A shadow imp (D:5)
  A white imp (D:6)
  2 ufetubi
  4 dart slugs
  11 orcs
  5 bats
  10 endoplasms
  4 giant cockroaches
  6 goblins
  4 hobgoblins
  6 jackals
  11 kobolds
  4 quokkas
  5 ball pythons
  5 frilled lizards
  9 rats
  A bush (D:4)
133 creatures vanquished.

Vanquished Creatures (others)
  A fungus (D:3)
1 creature vanquished.

Grand Total: 134 creatures vanquished

Notes
Turn   | Place    | Note
-------+----------+-------------------------------------------
     0 | D:1      | cforsyth the Minotaur Berserker began the quest for the
                  | Orb.
     0 | D:1      | Reached XP level 1. HP: 19/19 MP: 0/0
   345 | D:1      | Reached XP level 2. HP: 27/27 MP: 1/1
   464 | D:1      | Found a faded altar of an unknown god.
   816 | D:2      | Reached XP level 3. HP: 17/30 MP: 2/2
  1029 | D:2      | Reached ** piety under Trog
  1500 | D:2      | Reached XP level 4. HP: 41/41 MP: 3/3
  1692 | D:3      | Found Iskeenk's Book Emporium.
  1783 | D:3      | Found a hide-covered altar of Uskayaw.
  1984 | D:3      | Reached XP level 5. HP: 43/47 MP: 4/4
  2000 | D:3      | Found a bloodstained altar of Trog.
  2288 | D:4      | Reached skill level 5 in Fighting
  2289 | D:4      | Reached *** piety under Trog
  2293 | D:4      | Reached skill level 5 in Axes
  2411 | D:4      | Reached XP level 6. HP: 42/56 MP: 5/5
  2542 | D:4      | Identified the +5 mace of Jaxeevve {freeze, rF+}
  2870 | D:4      | Found a basalt altar of Yredelemnul.
  2962 | D:5      | Entered Level 5 of the Dungeon
  2963 | D:5      | Noticed a water moccasin
  2967 | D:5      | Reached XP level 7. HP: 62/62 MP: 6/6
  2979 | D:5      | Reached skill level 5 in Armour
  3039 | D:5      | Found a shimmering altar of Xom.
  3061 | D:5      | Reached skill level 5 in Dodging
  3194 | D:5      | Noticed a hornet
  3202 | D:5      | Killed a hornet
  3203 | D:5      | Reached XP level 8. HP: 62/71 MP: 7/7
  3234 | D:5      | Found a staircase to the Ecumenical Temple.
  3402 | D:5      | Found a hazy altar of Hepliaklqana.
  3595 | D:5      | Reached **** piety under Trog
  3662 | D:6      | Noticed Maggie
  3679 | D:6      | Slain by an orc

Illustrated notes

Levels and vault maps discovered:
D:1:      co_arrival_random_square_maze, layout_basic,
          hellmonk_ecumenical_altar_heavens_door
D:2:      layout_loops_ring, kennysheep_potato
D:3:      layout_rooms, nicolae_uskayaw_suspiria, mainiacjoe_overflow_24_doors,
          serial_shops, shop, minmay_shallow_snake_nest
D:4:      layout_rooms, mainiacjoe_overflow_alcove_4, minmay_between
D:5:      layout_rooms, dk_xom_monty_hall, mainiacjoe_overflow_small_starburst,
          temple_fountains, grunt_ministairs_14, st_stairs_4
D:6:      layout_rooms, mainiacjoe_overflow_concentric_impassable, serial_shops,
          shop, uniq_blork_the_orc, uniq_crazy_yiuf_cottage, uniq_maggie,
          uniq_edmund

Skill      XL: |  1  2  3  4  5  6  7  8 |
---------------+-------------------------+-----
Fighting       | 4 5 6 7 |  7.2
Axes           | 4 5 6 7 |  7.2
Armour         | 3 4 6 |  6.6
Dodging        | 3 4 5 6 |  6.0

Action                   |  1- 3 |  4- 6 |  7- 9 || total
-------------------------+-------+-------+-------++-------
Melee: Hand axe          |    97 |   116 |       ||   213
       Headbutt          |    12 |    28 |    12 ||    52
       Punch             |       |     3 |     1 ||     4
       Mace              |       |    35 |    78 ||   113
Invok: Berserk           |       |     1 |     2 ||     3
 Stab: Sleeping          |     1 |       |       ||     1
Armor: Animal skin       |     1 |       |       ||     1
       Ring mail         |    23 |       |       ||    23
       Scale mail        |    13 |    69 |       ||    82
       Chain mail        |       |     5 |    76 ||    81
Dodge: Dodged            |    42 |    88 |    84 ||   214

Table legend: (Time is in decaauts)
 A = Elapsed time spent in this place.
 B = Non-inter-level travel time spent in this place.
 C = Inter-level travel time spent in this place.
 D = Time resting spent in this place.
 E = Time spent auto-exploring this place.
 F = Levels seen in this place.
 G = Mean time per level.
                   A        B        C        D        E       F      G
               +--------+--------+--------+--------+--------+-----+--------+
         Total |   3743 |   3662 |     81 |      0 |   2802 |   6 |  623.8 |
       Dungeon |   3743 |   3662 |     81 |      0 |   2802 |   6 |  623.8 |
               +--------+--------+--------+--------+--------+-----+--------+

Top non-repeatable levels by time:
     D:2: 858 daAuts
     D:1: 782 daAuts
     D:4: 715 daAuts
     D:5: 710 daAuts
     D:3: 655 daAuts
     D:6: 20 daAuts
